 Dungeon Crawl Stone Soup version 0.12.2-34-gf45b194 (webtiles) character file.

693 Dalarin the Poker (level 7, -8/53 HPs)
             Began as a Merfolk Gladiator on Sept 8, 2013.
             Was an Initiate of Ashenzari.
             Killed from afar by an orc wizard (14 damage)
             ... with a puff of frost
             ... on Level 5 of the Dungeon.
             The game lasted 00:30:06 (4080 turns).

Dalarin the Poker (Merfolk Gladiator)               Turns: 4080, Time: 00:30:06

HP  -8/53        AC  5     Str 16      XL: 7   Next: 11%
MP  15/15        EV 14     Int  8      God: Ashenzari [......]
Gold 215         SH  7     Dex 16      Spells:  0 memorised,  6 levels left

Res.Fire  : . . .   See Invis. : .   a - +0 trident
Res.Cold  : . . .   Warding    : .   b - +0 leather armour
Life Prot.: . . .   Conserve   : .   j - +0 buckler
Res.Poison: .       Res.Corr.  : .   c - +0 helmet
Res.Elec. : .       Clarity    : .   e - +0 orc cloak
Sust.Abil.: . .     Spirit.Shd : .   (no gloves)
Res.Mut.  : .       Stasis     : .   (no boots)
Res.Rott. : .       Ctrl.Telep.: .   (no amulet)
Saprovore : . . .   Flight     : .   (no ring)
                                     m - ring of magical power

@: slightly resistant to hostile enchantments, stealthy
A: change form in water, swift swim, Dex +1
a: Renounce Religion


You were on level 5 of the Dungeon.
You worshipped Ashenzari.
Ashenzari was noncommittal.
You were very hungry.

You visited 2 branches of the dungeon, and saw 6 of its levels.

You collected 195 gold pieces.

Inventory:

Hand weapons
 a - a +0,+0 trident (weapon)
 v - a +3,+3 orcish spear
Missiles
 d - a throwing net (quivered)
 g - 16 darts
 l - 14 darts of dispersal
 q - a throwing net [frayed]
Armour
 b - a +0 leather armour (worn)
 c - a +0 helmet (worn)
 e - a +0 orcish cloak (worn)
 j - a +0 buckler (worn)
Comestibles
 f - 4 bread rations
 k - a choko
Scrolls
 h - a scroll of teleportation {unknown}
 i - 6 scrolls of remove curse
 n - a scroll of enchant armour {unknown}
 p - 2 scrolls of amnesia {unknown}
 r - a scroll of blinking {unknown}
 s - 2 scrolls of curse armour
 t - a scroll of identify
Jewellery
 m - a ring of magical power (left hand)
Potions
 u - 2 potions of curing
 w - a potion of confusion {unknown}


   Skills:
 + Level 3.8 Fighting
 + Level 6.6 Polearms
 + Level 3.5 Throwing
 + Level 5.9 Dodging
 + Level 3.5 Stealth


You had 6 spell levels left.
You didn't know any spells.

Dungeon Overview and Level Annotations

Branches:
Dungeon (5/27)             Temple (1/1) D:5

Altars:
Ashenzari
Cheibriados
Fedhas
Sif Muna
Vehumet
Yredelemnul
Zin
the Shining One


Innate Abilities, Weirdness & Mutations

You revert to your normal form in water.
You are very nimble and swift while swimming.
You are agile (Dex +1).


Message History

The orc wizard is heavily wounded.
You hear a distant slurping noise.
The orc wizard hits you but does no damage.
The orc wizard gestures at you while chanting.
The magic dart hits you!
Drink which item? (? for menu, Esc to quit)
You feel better. The orc hits you with an orcish flail!
The orc wizard casts a spell at you. The puff of frost hits you!
* * * LOW HITPOINT WARNING * * *
You hit the orc wizard but do no damage.
The orc wizard is heavily wounded.
The orc misses you. The orc wizard casts a spell at you.
The magic dart hits you!
* * * LOW HITPOINT WARNING * * *
The orc wizard barely misses you. The orc wizard closely misses you.
The orc wizard gestures at you while chanting.
The puff of frost hits you!
You die...

##.8.## #..#
#.....# #..#
###8.>.8# ####..#
........# ##.....##
##.#.8.####.......#
........(.^.......#
(.)..#.####.......#
...._..# ##...o###
.......# #^..o@#
......##
#.###o########
.....## #.#
#o........ ....##
#.###.........
.####
#.(...######## ##
###.### # #o# # #.#
### #o#


You could see 2 orc wizards and 2 orcs.

Vanquished Creatures
  The ghost of Amarant the Insei, an average DsMo (D:5)
  A centaur (D:5)
  A hound (D:4)
  An iguana (D:4)
  Ijyb (D:2)
  4 adders
  2 worms
  2 giant geckos
  11 orcs
  4 giant cockroaches
  7 goblins
  7 hobgoblins
  11 jackals
  2 quokkas (D:2)
  A ball python (D:1)
  8 bats
  4 giant newts
  8 kobolds
  5 rats
81 creatures vanquished.

Notes
Turn   | Place    | Note
--------------------------------------------------------------
     0 | D:1      | Dalarin, the Merfolk Gladiator, began the quest for the Orb.
     0 | D:1      | Reached XP level 1. HP: 17/17 MP: 0/0
   145 | D:1      | Reached XP level 2. HP: 23/23 MP: 1/1
   577 | D:1      | Reached skill level 1 in Stealth
   748 | D:2      | Reached XP level 3. HP: 23/28 MP: 2/2
   760 | D:2      | Reached skill level 5 in Polearms
  1034 | D:2      | Reached XP level 4. HP: 28/35 MP: 3/3
  1073 | D:2      | Noticed Ijyb
  1085 | D:2      | Reached XP level 3. HP: 25/28 MP: 2/2
  1087 | D:2      | Killed Ijyb
  1087 | D:2      | Reached XP level 4. HP: 28/35 MP: 3/3
  1238 | D:2      | Gained mutation: You are agile (Dex +1). [potion of gain dexterity]
  2583 | D:4      | Reached skill level 5 in Dodging
  2583 | D:4      | Reached XP level 5. HP: 32/40 MP: 4/4
  2819 | D:4      | Found a basalt altar of Yredelemnul.
  3192 | D:5      | Entered Level 5 of the Dungeon
  3192 | D:5      | Noticed Amarant's ghost (average DsMo)
  3249 | D:5      | Killed Amarant's ghost
  3249 | D:5      | Reached skill level 6 in Polearms
  3249 | D:5      | Reached XP level 6. HP: 42/47 MP: 5/5
  3416 | D:5      | Noticed an ogre
  3750 | D:5      | Found a blossoming altar of Fedhas.
  3751 | D:5      | Noticed a centaur
  3761 | D:5      | Killed a centaur
  3761 | D:5      | Reached XP level 7. HP: 34/53 MP: 6/6
  3865 | D:5      | Found a staircase to the Ecumenical Temple.
  3875 | Temple   | Entered the Ecumenical Temple
  3911 | Temple   | Became a worshipper of Ashenzari the Shackled
  4069 | D:5      | Paralysed by a giant eyeball for 2 turns
  4080 | D:5      | Killed from afar by an orc wizard

Action                   |  1- 3 |  4- 6 |  7- 9 || total
-------------------------+-------+-------+-------++-------
Melee: Trident           |   129 |   253 |    23 ||   405
Throw: Throwing net      |       |     3 |       ||     3
  Use: Potion            |       |     4 |     1 ||     5
       Scroll            |       |     3 |       ||     3
 Stab: Sleeping          |       |     1 |       ||     1
